 Dungeon Crawl Stone Soup version 0.31-a0-986-g5e6e4ef867 (webtiles) character file.

Game seed: 16259799257828967796

866 croobank the Ruffian (level 8, -11/57 (60) HPs)
             Began as a Gnoll Shapeshifter on Nov 22, 2023.
             Mangled by an ogre
             ... wielding a +0 giant club
              (30 damage)
             ... on level 5 of the Dungeon.
             The game lasted 00:09:46 (4048 turns).

croobank the Ruffian (Gnoll Shapeshifter)           Turns: 4048, Time: 00:09:47

HP:   -11/57 (60)   AC:  3    Str: 13    XL:     8   Next: 3%
MP:   21/21         EV: 13    Int: 12    God:
Gold: 132           SH:  0    Dex: 12    Spells: 12/12 levels left

rFire   . .          .
                       - Unarmed
rCold   . . .        (no shield)
rNeg    . . .        q - +0 leather armour
rPois   .            (helmet currently unavailable)
rElec   .            (cloak currently unavailable)
rCorr   .            (gloves currently unavailable)
SInv    .            (boots currently unavailable)
Will    .....        r - amulet of regeneration
Stlth   ++           h - ring of magical power
HPRegen 1.09/turn    (no ring)
MPRegen 0.17/turn

%: no passive effects
@: beast-form, drained
A: beast (slay +4), fangs 1, strong nose, distributed training
a: Begin Untransformation


You were on level 5 of the Dungeon.
You were a hulking beast.
You visited 1 branch of the dungeon, and saw 5 of its levels.

You collected 132 gold pieces.

Inventory:

Hand Weapons
 b - a +0 dagger
 i - a +1 heavy arbalest
 p - a +0 morningstar
 z - a +2 trident of protection
Missiles
 f - 4 javelins
Armour
 g - a +0 ring mail
 q - a +0 leather armour (worn)
 s - a +0 pair of boots
 v - a +0 cloak
 y - a +0 helmet
Magical Staves
 x - a staff of conjuration
Jewellery
 h - a ring of magical power (left hand)
 o - an amulet of magic regeneration
 r - an amulet of regeneration (around neck)
Talismans
 c - a beast talisman (active)
 d - a flux talisman
 A - a serpent talisman
Wands
 a - a wand of digging (7)
Scrolls
 e - 2 scrolls of blinking {unknown}
 j - a scroll of revelation {unknown}
 k - a scroll of silence {unknown}
 l - a scroll of enchant armour {unknown}
 m - a scroll of amnesia {unknown}
 t - 2 scrolls of identify {unknown}
 w - a scroll of vulnerability {unknown}
Potions
 n - a potion of berserk rage {unknown}
 u - a potion of mutation {unknown}


   Skills:
 + Level 4.0 Fighting
 + Level 2.9 Short Blades
 + Level 2.9 Long Blades
 + Level 2.9 Axes
 + Level 2.9 Maces & Flails
 + Level 2.9 Polearms
 + Level 2.9 Staves
 + Level 2.9 Ranged Weapons
 + Level 2.9 Throwing
 + Level 2.9 Armour
 + Level 5.5 Dodging
 + Level 2.9 Stealth
 + Level 2.9 Shields
 + Level 7.2 Unarmed Combat
 + Level 2.9 Spellcasting
 + Level 2.3 Conjurations
 + Level 2.3 Hexes
 + Level 2.3 Summonings
 + Level 2.3 Necromancy
 + Level 2.3 Translocations
 + Level 2.3 Transmutations
 + Level 2.3 Fire Magic
 + Level 2.3 Ice Magic
 + Level 2.3 Air Magic
 + Level 2.3 Earth Magic
 + Level 2.3 Poison Magic
 + Level 3.2 Invocations
 + Level 2.9 Evocations
 + Level 7.1 Shapeshifting


You had 12 spell levels left.
You didn't know any spells.
Your spell library contained the following spells:

 Spells                   Type           Power      Damage    Failure   Level
 Lesser Beckoning         Tloc           14%        N/A       19%         2
 Gell's Gravitas          Tloc           7%         N/A       34%         3
 Ozocubu's Armour         Ice            7%         N/A       34%         3
 Teleport Other           Tloc           7%         N/A       34%         3
 Ozocubu's Refrigeration  Ice            3%         4d8       100%        7


Dungeon Overview and Level Annotations

Branches:
Dungeon (5/15)
 Temple: D:4-7

Altars:
Kikubaaqudgha
Nemelex Xobeh
Zin


Innate Abilities, Weirdness & Mutations

You are a hulking beast.
Your limbs bulge with bestial killing power. (Slay +4)
You have very sharp teeth.
Your uncanny sense of smell can sniff out nearby items.
Your experience applies equally to all skills.


Message History

Press ? for a list of commands and other information.
Done exploring.
There is a large open door here.
There is a large open door here.
There is a stone staircase leading down here.
You climb downwards.
There is a stone staircase leading up here.
Found a stone staircase leading up.
Found 6 stones.
You now have 132 gold pieces (gained 7).
Found a hand axe.
Found a stone staircase leading up.
An orc comes into view. It is wielding a +0 club.
The orc shouts!
You shoot a bolt. The bolt hits the orc!!!
You kill the orc!
No target in view!
An orc comes into view. It is wielding a +0 short sword.
You shoot a bolt. The bolt hits the orc!
You kill the orc!
No target in view!
No target in view!
An ogre comes into view. It is wielding a +0 giant club.
You shoot a bolt. The bolt hits the ogre!!
The ogre shouts!
The ogre is heavily wounded.
You shoot a bolt. The bolt barely misses the ogre.
You shoot a bolt. The bolt hits the ogre.
The ogre is severely wounded.
The ogre hits you with a +0 giant club!!
The ogre hits you with a +0 giant club!
* * * LOW HITPOINT WARNING * * *
You are too injured to fight recklessly!
Okay, then.
You are now empty-handed.
You hit the ogre but do no damage. You bite the ogre.
The ogre is almost dead.
The ogre hits you with a +0 giant club!!
Ouch! That really hurt!
You die...

#....#...#......#
####.###...# .# #
# ###.##.#.#
#.#####...)#.###
#....<.......)..
#.#####..(...#.#
#..........#
###.###..........#
......Oh.........#
.##.###.##...###.#
#.##...# #.##.....
#.###...## ..#
....# ### .....#
.....)


You could see an ogre.

Vanquished Creatures
  A black bear (D:4)
  An ogre (D:4)
  3 necrophages (D:4)
  A wight (D:4)
  A centaur zombie (D:4)
  An orc priest (D:4)
  A human zombie (D:4)
  A sleepcap (D:4)
  An iguana (D:4)
  A scorpion zombie (D:4)
  2 orc wizards (D:3)
  Terence (D:3)
  2 hound zombies (D:4)
  A mummy (D:4)
  3 gnolls (D:2)
  6 adders
  An adder zombie (D:4)
  A dart slug (D:1)
  13 orcs
  5 endoplasms
  7 goblins
  10 hobgoblins
  3 quokkas
  4 ball pythons
  10 bats
  6 frilled lizards
  A jackal zombie (D:4)
  6 kobolds
  2 rats
96 creatures vanquished.

Notes
Turn   | Place    | Note
-------+----------+-------------------------------------------
     0 | D:1      | croobank the Gnoll Shapeshifter began the quest for the
                  | Orb.
     0 | D:1      | Reached XP level 1. HP: 17/17 MP: 1/1
    93 | D:1      | Reached XP level 2. HP: 13/23 MP: 2/2
   751 | D:1      | Reached XP level 3. HP: 28/28 MP: 3/3
  1045 | D:2      | Reached skill level 1 in Invocations
  1046 | D:2      | Reached skill level 1 in Short Blades
  1046 | D:2      | Reached skill level 1 in Long Blades
  1046 | D:2      | Reached skill level 1 in Axes
  1046 | D:2      | Reached skill level 1 in Maces & Flails
  1046 | D:2      | Reached skill level 1 in Polearms
  1046 | D:2      | Reached skill level 1 in Staves
  1046 | D:2      | Reached skill level 1 in Ranged Weapons
  1046 | D:2      | Reached skill level 1 in Throwing
  1046 | D:2      | Reached skill level 1 in Armour
  1046 | D:2      | Reached skill level 1 in Stealth
  1046 | D:2      | Reached skill level 1 in Shields
  1046 | D:2      | Reached skill level 1 in Spellcasting
  1046 | D:2      | Reached skill level 1 in Evocations
  1103 | D:2      | Found a faded altar of an unknown god.
  1108 | D:2      | Reached XP level 4. HP: 34/34 MP: 5/5
  1114 | D:2      | Prayed at the altar of an unknown god.
  1460 | D:2      | Reached skill level 1 in Conjurations
  1460 | D:2      | Reached skill level 1 in Hexes
  1460 | D:2      | Reached skill level 1 in Summonings
  1460 | D:2      | Reached skill level 1 in Necromancy
  1460 | D:2      | Reached skill level 1 in Translocations
  1460 | D:2      | Reached skill level 1 in Transmutations
  1460 | D:2      | Reached skill level 1 in Fire Magic
  1460 | D:2      | Reached skill level 1 in Ice Magic
  1460 | D:2      | Reached skill level 1 in Air Magic
  1460 | D:2      | Reached skill level 1 in Earth Magic
  1460 | D:2      | Reached skill level 1 in Poison Magic
  1909 | D:3      | Reached XP level 5. HP: 37/40 MP: 6/6
  2086 | D:3      | Noticed Terence
  2097 | D:3      | Killed Terence
  2129 | D:3      | Found a sparkling altar of Nemelex Xobeh.
  2138 | D:3      | Found a glowing silver altar of Zin.
  2902 | D:4      | Noticed an ogre
  2910 | D:4      | Killed an ogre
  2911 | D:4      | Reached skill level 5 in Dodging
  2911 | D:4      | Reached XP level 6. HP: 39/47 MP: 9/9
  2914 | D:4      | Noticed a black bear
  2916 | D:4      | Killed a black bear
  2955 | D:4      | Reached XP level 7. HP: 44/52 MP: 10/10
  3711 | D:4      | Found an ancient bone altar of Kikubaaqudgha.
  3772 | D:4      | Reached XP level 8. HP: 19/57 MP: 12/12
  4004 | D:5      | Entered Level 5 of the Dungeon
  4048 | D:5      | Mangled by an ogre

Illustrated notes

Levels and vault maps discovered:
D:1:      minmay_arrival_glassed_features, layout_basic
D:2:      layout_basic, dilly_ecumenical_altar_fadedgnrine,
          kennysheep_generic_room_15
D:3:      layout_basic, mainiacjoe_overflow_big_doors, hex_medium,
          interstate_on_off, uniq_terence
D:4:      layout_loops_cross, lemuel_mausoleum_altar_kikubaaqudgha,
          kennysheep_generic_room_12
D:5:      layout_loops_corners, serial_glass, glass_columns_a, glass_columns_a,
          kb_lookout_dungeons_type, hangedman_abyss_or_decor_lesser_grid,
          kennysheep_generic_room_14

Skill      XL: |  1  2  3  4  5  6  7  8 |
---------------+-------------------------+-----
Invocations    | 1 2 3 |  3.2
Short Blades   | 1 2 |  2.9
Long Blades    | 1 2 |  2.9
Axes           | 1 2 |  2.9
Maces & Flails | 1 2 |  2.9
Polearms       | 1 2 |  2.9
Staves         | 1 2 |  2.9
Ranged Weapons | 1 2 |  2.9
Throwing       | 1 2 |  2.9
Armour         | 1 2 |  2.9
Stealth        | 1 2 |  2.9
Shields        | 1 2 |  2.9
Spellcasting   | 1 2 |  2.9
Evocations     | 1 2 |  2.9
Conjurations   | 1 2 |  2.3
Hexes          | 1 2 |  2.3
Summonings     | 1 2 |  2.3
Necromancy     | 1 2 |  2.3
Translocations | 1 2 |  2.3
Transmutations | 1 2 |  2.3
Fire Magic     | 1 2 |  2.3
Ice Magic      | 1 2 |  2.3
Air Magic      | 1 2 |  2.3
Earth Magic    | 1 2 |  2.3
Poison Magic   | 1 2 |  2.3
Fighting       | 3 4 |  4.0
Dodging        | 5 |  5.5
Unarmed Combat | 7 |  7.2
Shapeshifting  | 7 |  7.1

Action                     |  1- 3 |  4- 6 |  7- 9 || total
---------------------------+-------+-------+-------++-------
  Melee: Unarmed           |    45 |    91 |     3 ||   139
         Bite              |     4 |     6 |     1 ||    11
         Punch             |       |     5 |       ||     5
   Fire: Arbalest          |     9 |    15 |    70 ||    94
    Use: Potion            |       |     3 |     1 ||     4
   Stab: Sleeping          |     1 |     6 |       ||     7
 Armour: Animal skin       |    25 |    34 |       ||    59
         Leather armour    |       |    15 |    52 ||    67
         Skin              |       |     8 |       ||     8
  Dodge: Dodged            |    32 |    51 |    40 ||   123
   Form: Beast             |     1 |       |       ||     1

Table legend: (Time is in decaauts)
 A = Elapsed time spent in this place.
 B = Non-inter-level travel time spent in this place.
 C = Inter-level travel time spent in this place.
 D = Time resting spent in this place.
 E = Time spent auto-exploring this place.
 F = Levels seen in this place.
 G = Mean time per level.
                   A        B        C        D        E       F      G
               +--------+--------+--------+--------+--------+-----+--------+
         Total |   4186 |   4013 |    173 |    729 |   2516 |   5 |  837.2 |
       Dungeon |   4186 |   4013 |    173 |    729 |   2516 |   5 |  837.2 |
               +--------+--------+--------+--------+--------+-----+--------+

Top non-repeatable levels by time:
     D:4: 1224 daAuts
     D:2: 998 daAuts
     D:3: 994 daAuts
     D:1: 917 daAuts
     D:5: 51 daAuts
